 Dungeon Crawl Stone Soup version 0.21-a0-331-gfb491b4 (webtiles) character file.

20528 vishdafish the Spear-Bearer (level 12, -2/78 HPs)
             Began as a Demonspawn Skald on Oct 2, 2017.
             Was a High Priest of Nemelex Xobeh.
             Slain by a skeletal warrior
             ... wielding a +0 trident
             ... led by a skeletal warrior
              (10 damage)
             ... on level 13 of the Dungeon.
             The game lasted 00:45:53 (10700 turns).

vishdafish the Spear-Bearer (Demonspawn Skald)     Turns: 10700, Time: 00:45:54

Health: -2/78      AC: 12    Str: 15    XL:     12   Next: 46%
Magic:  23/27      EV: 12    Int: 22    God:    Nemelex Xobeh [*****.]
Gold:   911        SH:  4    Dex: 12    Spells: 10/29 levels left

rFire    . . .     SeeInvis .   v - +10 halberd of the Hierophant {protect, MR++}
rCold    . . .     Gourm    .   (shield currently unavailable)
rNeg     . . .     Faith    .   T - +0 troll leather armour
rPois    +         Spirit   .   (helmet unavailable)
rElec    .         Reflect  .   J - +1 cloak
rCorr    .         Harm     .   j - +1 pair of gloves
MR       ++...                  n - +2 pair of boots
Stlth    ++........             x - amulet of regeneration
HPRegen  0.00/turn              o - +3 ring of intelligence
MPRegen  0.20/turn              B - ring of poison resistance

@: no status effects
A: horns 3, large bone plates 1, camouflage 1, demonic guardian 1, high mp 1,
inhibited regeneration, spiny 2, strong 1, evolution 1
a: Triple Draw, Deal Four, Stack Five, Renounce Religion


You were on level 13 of the Dungeon.
You worshipped Nemelex Xobeh.
Nemelex Xobeh was extremely pleased with you.
You were hungry.

You visited 1 branch of the dungeon, and saw 13 of its levels.
You also visited: Labyrinth.

You collected 911 gold pieces.

Inventory:

Hand Weapons
 v - the +10 halberd of the Hierophant (weapon) {protect, MR++}
   (You took it off a minotaur in a labyrinth)

   It protects the one who uses it against injury (+AC on strike).
   It affects your resistance to hostile enchantments.
 K - a +1 trident of protection
Missiles
 E - a throwing net (quivered)
Armour
 j - a +1 pair of gloves (worn)
 n - a +2 pair of boots (worn)
 J - a +1 cloak (worn)
 T - a +0 troll leather armour (worn)
Jewellery
 o - a +3 ring of intelligence (left hand)
 x - an amulet of regeneration (around neck)
 B - a ring of poison resistance (right hand)
Wands
 I - a wand of digging (21/24)
 Y - a wand of disintegration (14/24)
Scrolls
 e - 5 scrolls of fog
 g - 2 scrolls of magic mapping
 k - 2 scrolls of immolation
 l - a scroll of remove curse
 r - 2 scrolls of summoning {unknown}
 u - 2 scrolls of noise
 w - a scroll of enchant weapon {unknown}
 y - 2 scrolls of recharging
 M - 2 scrolls of teleportation
 N - 2 scrolls of brand weapon {unknown}
 O - a scroll of holy word {unknown}
 R - 3 scrolls of amnesia {unknown}
 V - a scroll of blinking {unknown}
 W - a scroll of fear
Potions
 a - a potion of curing
 q - 5 potions of mutation
 s - a potion of lignification
 t - a potion of resistance {unknown}
 C - 5 potions of haste
 G - 2 potions of flight
 H - 2 potions of brilliance
 Q - a potion of experience {unknown}
 S - a potion of cancellation {unknown}
 Z - a potion of agility {unknown}
Books
 c - a book of Battle

   Spells                             Type                      Level
   a - Infusion                       Charms                       1
   b - Shroud of Golubria             Charms/Translocation         2
   c - Song of Slaying                Charms                       2
   d - Spectral Weapon                Hexes/Charms                 3
   e - Regeneration                   Charms/Necromancy            3
 p - a book of Minor Magic

   Spells                             Type                      Level
   a - Magic Dart                     Conjuration                  1
   b - Blink                          Translocation                2
   c - Call Imp                       Summoning                    2
   d - Slow                           Hexes                        2
   e - Conjure Flame                  Conjuration/Fire             3
   f - Mephitic Cloud                 Conjuration/Poison/Air       3
 A - a book of Unlife

   Spells                             Type                      Level
   a - Recall                         Summoning/Translocation      3
   b - Animate Dead                   Necromancy                   4
   c - Control Undead                 Necromancy                   4
   d - Cigotuvi's Embrace             Necromancy                   5
   e - Death Channel                  Necromancy                   6
   f - Simulacrum                     Ice/Necromancy               6
 F - a book of Misfortune

   Spells                             Type                      Level
   a - Confusing Touch                Hexes                        1
   b - Confuse                        Hexes                        3
   c - Gell's Gravitas                Translocation                3
   d - Petrify                        Transmutation/Earth          4
   e - Metabolic Englaciation         Hexes/Ice                    5
   f - Yara's Violent Unravelling     Hexes/Transmutation          5
 L - a Young Poisoner's Handbook

   Spells                             Type                      Level
   a - Sting                          Conjuration/Poison           1
   b - Poisonous Vapours              Poison/Air                   2
   c - Mephitic Cloud                 Conjuration/Poison/Air       3
   d - Olgreb's Toxic Radiance        Poison                       4
   e - Venom Bolt                     Conjuration/Poison           5
Miscellaneous
 b - a plain deck of destruction {drawn: 1}
 P - a plain deck of destruction
 U - a plain deck of destruction
 X - a plain deck of escape
Comestibles
 d - 10 bread rations
 f - 3 royal jellies
 h - 10 meat rations
 m - 8 fruits


   Skills:
 - Level 2.0 Fighting
 + Level 11.1 Polearms
 - Level 5.1 Armour
 - Level 3.0 Dodging
   Level 4.7 Shields
 - Level 9.0 Spellcasting
 - Level 7.0 Charms
 * Level 9.8 Necromancy
 - Level 4.2 Invocations


You had 10 spell levels left.
You knew the following spells:

 Your Spells              Type           Power        Failure   Level  Hunger
a - Infusion              Chrm           ####         1%          1    None
b - Song of Slaying       Chrm           #####...     1%          2    None
c - Regeneration          Chrm/Necr      #####.....   1%          3    None
d - Shroud of Golubria    Chrm/Tloc      ####......   2%          2    None
e - Animate Dead          Necr           N/A          1%          4    ##.....
f - Control Undead        Necr           ######....   1%          4    ##.....
g - Spectral Weapon       Hex/Chrm       ####....     5%          3    None


Dungeon Overview and Level Annotations

Branches:
Dungeon (13/15)            Temple (0/1) D:7            Lair (0/6) D:9
    Orc (0/2) D:11
 Vaults: D:13-14

Altars:
Ashenzari
Fedhas
Gozag
Makhleb
Nemelex Xobeh
Qazlal
Ru
Sif Muna
Trog
Yredelemnul
Zin
The Shining One
Beogh

Shops:
D:6 %   D:9 (   D:11 :

Annotations:
D:4 Sigmund
D:12 Nessos


Innate Abilities, Weirdness & Mutations

You have a pair of large horns on your head.
You are partially covered in large bone plates. (SH +4)
A weak demonic guardian rushes to your aid.
You are mostly covered in sharp spines.
Your skin changes colour to match your surroundings (Stealth+).
You have an increased reservoir of magic. (+10% MP)
You do not regenerate when monsters are visible.
Your muscles are strong. (Str +2)
You evolve.


Message History

Evoke which item? (* to show all) (? for menu, Esc to quit)
Attack whom?
Press: ? - help, Dir - move target cursor, f/p - skeletal warrior
Aim: a skeletal warrior, wielding a trident (heavily damaged)
You could not reach far enough!
Your quasit completely misses the skeletal warrior.
Your quasit barely misses the skeletal warrior.
Your quasit claws the skeletal warrior but does no damage.
The skeletal warrior hits you from afar with a trident.
* * * LOW HITPOINT WARNING * * *
Your quasit bites the skeletal warrior but does no damage.
Your quasit claws the skeletal warrior but does no damage.
Your quasit barely misses the skeletal warrior.
Your quasit disappears in a puff of smoke!
Evoke which item? (* to show all) (? for menu, Esc to quit)
You draw a card...
It is the Pentagram.
The deck of cards disappears without a trace.
The skeletal warrior hits you from afar with a trident!
You die...
Your body glows with a rainbow of weird colours and disappears.

#############################
#............................
#.####........##.............
#.# #.......4......#####....
#.# #......h(z......§...)...
#.####......@#######....#####
#............# #†#..#
#......####### #.#..#
#......# #....# #.####.#
#....# #......## ...###
#.......# ....# #.......#
.....# #.##....# ......


You could see a skeletal warrior, a chaos spawn, a friendly hell hound and a
friendly spectral halberd of the Hierophant {protect, MR++}.

Vanquished Creatures
  A hydra (D:12)
  A catoblepas (D:13)
  A centaur warrior (D:13)
  A two-headed ogre (D:10)
  2 skeletal warriors (D:13)
  An unseen horror (D:10)
  An orc knight (D:11)
  3 ugly things
  A wolf spider zombie (D:9)
  2 gargoyles
  2 kobold demonologists (D:12)
  2 trolls
  A hornet (D:13)
  A merfolk (D:10)
  4 hippogriffs
  A meliai zombie (D:11)
  2 shadows
  A steam dragon (D:7)
  A wyvern (D:12)
  A yak (D:11)
  4 vampire mosquitoes (D:13)
  A hungry ghost (D:7)
  A porcupine (D:11)
  7 orc warriors
  4 sky beasts
  An eye of draining (D:12)
  2 ice beasts
  6 phantoms
  2 black bears
  2 wolves (D:8)
  4 ogres
  2 centaurs
  A big kobold (D:11)
  10 bullfrogs
  A wyvern skeleton (D:10)
  6 scorpions
  11 wights
  An electric eel (D:10)
  A howler monkey (D:9)
  4 centaur zombies
  8 crimson imps
  6 hounds
  A gnoll shaman (D:7)
  13 orc priests
  An iguana (D:11)
  6 jellies
  Crazy Yiuf (D:6)
  2 bullfrog skeletons
  6 centaur skeletons
  6 orc wizards
  7 worker ants
  A hound zombie (D:8)
  A hound skeleton (D:10)
  A howler monkey zombie (D:6)
  10 gnolls
  8 adders
  2 shadow imps
  An adder zombie (D:8)
  An adder skeleton (D:7)
  4 worms
  4 dart slugs
  3 leopard geckos
  54 orcs
  4 giant cockroaches
  3 hobgoblins (D:1)
  4 jackals (D:9)
  5 quokkas
  6 bats
  3 frilled lizards
  2 giant cockroach zombies
  5 goblins
  A jackal zombie (D:7)
  11 kobolds
  A quokka zombie (D:7)
  10 rats
  A fungus (D:9)
304 creatures vanquished.

Vanquished Creatures (collateral kills)
  A minotaur (Lab)
  A two-headed ogre (D:10)
  An obsidian statue (D:10)
  An ugly thing (D:11)
  Psyche (D:8)
  A gargoyle (D:10)
  The ghost of p0werm0de the Reanimator, a novice FoNe of Cheibriados (D:6)
  2 hippogriffs
  A yak (D:9)
  Grum (D:8)
  3 orc warriors
  An ice beast (D:7)
  An ogre (D:10)
  2 black bears
  A centaur (D:11)
  A bullfrog (D:10)
  2 wights (D:7)
  3 howler monkeys (D:10)
  An orc wizard (D:7)
  An orc priest (D:7)
  2 worker ants
  A gnoll (D:6)
  A leopard gecko (D:6)
  7 orcs
  A quokka (D:11)
  A kobold (D:11)
40 creatures vanquished.

Vanquished Creatures (others)
  6 fungi (D:9)
  2 spectral weapons
8 creatures vanquished.

Grand Total: 352 creatures vanquished

Notes
Turn   | Place    | Note
-------+----------+-------------------------------------------
     0 | D:1      | vishdafish the Demonspawn Skald began the quest for the Orb.
     0 | D:1      | Reached XP level 1. HP: 16/16 MP: 3/3
     6 | D:1      | Reached skill level 1 in Armour
    50 | D:1      | Reached skill level 2 in Polearms
    50 | D:1      | Gained mutation: You are partially covered in sharp spines. [demonic ancestry]
    50 | D:1      | Reached XP level 2. HP: 19/22 MP: 3/5
   709 | D:2      | Gained mutation: You have a pair of small horns on your head. [demonic ancestry]
   709 | D:2      | Reached XP level 3. HP: 27/27 MP: 4/6
   812 | D:2      | Found a blossoming altar of Fedhas.
  1326 | D:3      | Reached XP level 4. HP: 33/33 MP: 3/8
  1525 | D:3      | Found a sacrificial altar of Ru.
  1527 | D:3      | Found a shattered altar of Ashenzari.
  1532 | D:3      | Found a deep blue altar of Sif Muna.
  1532 | D:3      | Found a basalt altar of Yredelemnul.
  1535 | D:3      | Found a stormy altar of Qazlal.
  1538 | D:3      | Found a glowing silver altar of Zin.
  1541 | D:3      | Found a blossoming altar of Fedhas.
  1864 | D:3      | Found an opulent altar of Gozag.
  1864 | D:3      | Found a sparkling altar of Nemelex Xobeh.
  1874 | D:3      | Became a worshipper of Nemelex Xobeh the Trickster
  1994 | D:4      | Reached skill level 3 in Polearms
  1994 | D:4      | Reached XP level 5. HP: 38/38 MP: 5/9
  2015 | D:4      | Received a gift from Nemelex Xobeh
  2168 | D:4      | Noticed Sigmund
  2200 | D:5      | Entered Level 5 of the Dungeon
  2718 | D:5      | Reached * piety under Nemelex Xobeh
  2819 | D:5      | Reached XP level 6. HP: 44/44 MP: 7/10
  3049 | D:5      | Got a brightly glowing ring mail
  3060 | D:5      | Identified the cursed +1 ring mail "Zaennowk" {+Blink SInv} (You found it on level 5 of the Dungeon)
  3473 | D:5      | Received a gift from Nemelex Xobeh
  3657 | D:5      | Gained mutation: A weak demonic guardian rushes to your aid. [demonic ancestry]
  3657 | D:5      | Reached XP level 7. HP: 33/50 MP: 4/11
  3742 | D:6      | Reached skill level 4 in Polearms
  4112 | D:6      | Gained mutation: You have a pair of horns on your head. [demonic ancestry]
  4112 | D:6      | Reached XP level 8. HP: 53/56 MP: 8/12
  4122 | D:6      | Found Mycsixyn's Food Boutique.
  4129 | D:6      | Received a gift from Nemelex Xobeh
  4138 | D:6      | Reached ** piety under Nemelex Xobeh
  4153 | D:6      | Reached skill level 5 in Polearms
  4153 | D:6      | Reached skill level 5 in Armour
  4159 | D:6      | Found a bloodstained altar of Trog.
  4198 | D:6      | Reached skill level 1 in Shields
  4247 | D:6      | Found a runed door.
  4371 | D:6      | Noticed Crazy Yiuf
  4371 | D:6      | Noticed p0werm0de's ghost (novice FoNe)
  4377 | D:6      | Killed Crazy Yiuf
  4381 | D:6      | Killed p0werm0de's ghost
  4671 | D:7      | Noticed a hippogriff
  4681 | D:7      | Killed a hippogriff
  4681 | D:7      | Reached skill level 6 in Polearms
  4688 | D:7      | Found a staircase to the Ecumenical Temple.
  4711 | D:7      | Reached XP level 9. HP: 59/61 MP: 13/13
  4869 | D:7      | Received a gift from Nemelex Xobeh
  5087 | D:7      | Reached skill level 5 in Charms
  5092 | D:7      | Learned a level 2 spell: Song of Slaying
  5380 | D:8      | Noticed Psyche
  5387 | D:8      | Killed Psyche
  5387 | D:8      | Reached skill level 7 in Polearms
  5578 | D:8      | Reached skill level 5 in Spellcasting
  5586 | D:8      | Noticed Grum
  5597 | D:8      | Killed Grum
  5998 | D:9      | Found a burning altar of Makhleb.
  6004 | D:9      | Reached *** piety under Nemelex Xobeh
  6017 | D:9      | Found a glowing golden altar of the Shining One.
  6231 | D:9      | Found Cebass's Antique Weapon Emporium.
  6242 | D:9      | Gained mutation: You have a pair of large horns on your head. [demonic ancestry]
  6242 | D:9      | Reached XP level 10. HP: 67/67 MP: 17/19
  6246 | D:9      | Found a staircase to the Lair.
  6353 | D:9      | Reached skill level 8 in Polearms
  6364 | D:9      | Gained mutation: Your skin changes colour to match your surroundings (Stealth+). [mutagenic meat]
  6365 | D:9      | Gained mutation: Your flesh is cold resistant. (rC+) [mutagenic meat]
  6366 | D:9      | Gained mutation: Your muscles are strong. (Str +2) [mutagenic meat]
  6367 | D:9      | Gained mutation: You do not regenerate when monsters are visible. [mutagenic meat]
  6368 | D:9      | Gained mutation: You evolve. [mutagenic meat]
  6800 | D:9      | Gained mutation: You have an increased reservoir of magic. (+10% MP) [evolution]
  6991 | D:9      | Received a gift from Nemelex Xobeh
  7070 | D:10     | Entered Level 10 of the Dungeon
  7118 | D:10     | Found a sparkling altar of Nemelex Xobeh.
  7118 | D:10     | Noticed an obsidian statue
  7123 | D:10     | Noticed an orange demon
  7136 | D:10     | Killed an obsidian statue
  7231 | D:10     | Lost mutation: Your flesh is cold resistant. (rC+) [mutagenic meat]
  7250 | D:10     | Reached **** piety under Nemelex Xobeh
  7320 | D:10     | Noticed a two-headed ogre
  7331 | D:10     | Killed a two-headed ogre
  7331 | D:10     | Reached skill level 9 in Polearms
  7493 | D:10     | Noticed a gargoyle
  7587 | D:9      | Learned a level 3 spell: Regeneration
  7590 | D:9      | Learned a level 2 spell: Shroud of Golubria
  7626 | D:10     | Killed a gargoyle
  7650 | D:10     | Received a gift from Nemelex Xobeh
  7710 | D:10     | Killed an unseen horror
  7710 | D:10     | Gained mutation: You are partially covered in large bone plates. (SH +4) [demonic ancestry]
  7710 | D:10     | Reached XP level 11. HP: 69/72 MP: 26/26
  7798 | D:10     | Noticed a two-headed ogre
  7809 | D:10     | Killed a two-headed ogre
  8040 | D:11     | Found a labyrinth entrance.
  8048 | Lab      | Entered a labyrinth
  8460 | Lab      | Noticed a minotaur
  8490 | Lab      | Killed a minotaur
  8496 | Lab      | Got a dazzling halberd {protect}
  8516 | Lab      | Got a crude granite ring
  8517 | Lab      | Identified the ring of Lousi {rCorr +Fly} (You found it in a labyrinth)
  8539 | Lab      | Identified the +10 halberd of the Hierophant {protect, MR++} (You took it off a minotaur in a labyrinth)
  8790 | D:11     | Reached skill level 1 in Necromancy
  8883 | D:11     | Received a gift from Nemelex Xobeh
  8905 | D:11     | Found a roughly hewn altar of Beogh.
  8905 | D:11     | Found a staircase to the Orcish Mines.
  8998 | D:11     | Noticed an orc knight
  9015 | D:11     | Killed an orc knight
  9129 | D:11     | Reached skill level 10 in Polearms
  9206 | D:11     | Found Zeiheo's Book Boutique.
  9300 | D:11     | Noticed a cyan ugly thing
  9319 | D:11     | Reached skill level 5 in Necromancy
  9322 | D:11     | Killed a cyan ugly thing
  9385 | D:11     | Reached ***** piety under Nemelex Xobeh
  9608 | D:12     | Noticed a white ugly thing
  9615 | D:12     | Killed a white ugly thing
  9633 | D:12     | Learned a level 4 spell: Animate Dead
  9638 | D:12     | Learned a level 4 spell: Control Undead
  9642 | D:12     | Learned a level 3 spell: Spectral Weapon
  9819 | D:12     | Noticed a cyan ugly thing
  9829 | D:12     | Killed a cyan ugly thing
  9859 | D:12     | Gained mutation: You are mostly covered in sharp spines. [demonic ancestry]
  9859 | D:12     | Reached XP level 12. HP: 70/78 MP: 21/27
  9876 | D:12     | Noticed a four-headed hydra
  9883 | D:12     | Killed a ten-headed hydra
  9947 | D:12     | Noticed Nessos
 10073 | D:12     | Received a gift from Nemelex Xobeh
 10440 | D:13     | Noticed a catoblepas
 10460 | D:13     | Killed a catoblepas
 10480 | D:13     | Noticed a centaur warrior
 10487 | D:13     | Killed a centaur warrior
 10635 | D:13     | Reached skill level 11 in Polearms
 10700 | D:13     | Slain by a skeletal warrior

Vault maps used:
D:1:      minmay_arrival_five_plusses, minmay_split_cup_large
D:2:      fedhas_altar_3
D:3:      grunt_temple_overflow_opulence, minitemple
D:4:      minmay_door_path, serial_shops, kennysheep_mini,
          nicolae_shop_window_shopping, uniq_sigmund
D:5:      first_bread, kennysheep_diamond, grunt_ministairs_9
D:6:      trog_ov_bears_minmay, serial_shops, shop, minmay_misc_feat_rows,
          uniq_crazy_yiuf_cottage
D:7:      minmay_temple_entry_glass
D:8:      columned_hall_lemuel, uniq_grum, uniq_psyche
D:9:      minmay_thick_lines, kennysheep_little_box,
          grunt_lair_entry_orc_guard_hut, basic_altar, serial_shops, shop
D:10:     hangedman_fish_farm, serial_bayou_pond_b, lemuel_statue_altar
D:11:     david_orc_5, serial_shops, nicolae_shop_statue_plus,
          lab_entry_generic, st_stairs_6, hangedman_abyss_or_decor_clamps
D:12:     uniq_nessos
Lab:      labyrinth_spiral

Skill      XL: |  1  2  3  4  5  6  7  8  9 10 11 12 |
---------------+-------------------------------------+-----
Armour         | 1 2 4 5 |  5.1
Polearms       | 2 3 4 6 7 9 10 11 | 11.1
Dodging        | 2 3 |  3.0
Charms         | 3 5 7 |  7.0
Spellcasting   | 3 6 9 |  9.0
Invocations    | 2 3 4 |  4.2
Shields        | 4 |  4.7
Necromancy     | 7 9 |  9.8
Fighting       | |  2.0

Action                   |  1- 3 |  4- 6 |  7- 9 | 10-12 || total
-------------------------+-------+-------+-------+-------++-------
Melee: Spear             |    78 |   118 |    60 |       ||   256
       Headbutt          |     4 |    22 |    47 |    85 ||   158
       Trident           |       |       |   311 |   269 ||   580
       Halberd           |       |       |       |   249 ||   249
Throw: Throwing net      |       |       |       |     1 ||     1
 Cast: Infusion          |    11 |    20 |     5 |     2 ||    38
       Song of Slaying   |       |       |     1 |    14 ||    15
       Shroud of Golubri |       |       |       |    12 ||    12
       Regeneration      |       |       |       |     4 ||     4
       Spectral Weapon   |       |       |       |    10 ||    10
Evoke: Deck              |       |       |     5 |    18 ||    23
       Wand              |       |       |       |     1 ||     1
  Use: Potion            |       |     1 |       |     4 ||     5
       Scroll            |       |     6 |       |    11 ||    17
 Stab: Sleeping          |     1 |     1 |       |     6 ||     8
       Distracted        |       |       |     6 |     9 ||    15
  Eat: Chunk             |     1 |     8 |     9 |    13 ||    31
       Bread ration      |       |       |       |     2 ||     2
Armor: Leather armour    |    14 |    24 |       |       ||    38
       Ring mail         |       |    10 |   152 |    38 ||   200
       Troll leather arm |       |       |       |   168 ||   168
Dodge: Dodged            |    20 |    43 |   195 |   232 ||   490
Block: Buckler           |       |       |       |    19 ||    19
       Other             |       |       |       |    35 ||    35

Table legend:
 A = Spawn XP
 B = Non-spawn XP
 C = Spawn XP percentage of total XP
 D = Spawn monster count
 E = Non-spawn monster count
 F = Spawn count percentage of total count
 G = Total turns spent on level
                    A         B        C        D         E        F      G
               +---------+---------+-------+---------+---------+-------+---------
         Total |       0 |   29327 |   0.0 |       0 |     343 |   0.0 | 10700
               +---------+---------+-------+---------+---------+-------+---------
           D:1 |       0 |      38 |   0.0 |       0 |      21 |   0.0 |   673
           D:2 |       0 |      36 |   0.0 |       0 |      13 |   0.0 |   506
           D:3 |       0 |      80 |   0.0 |       0 |      14 |   0.0 |   766
           D:4 |       0 |     221 |   0.0 |       0 |       4 |   0.0 |   319
           D:5 |       0 |     711 |   0.0 |       0 |      26 |   0.0 |  1659
           D:6 |       0 |     913 |   0.0 |       0 |      31 |   0.0 |   645
           D:7 |       0 |    1724 |   0.0 |       0 |      38 |   0.0 |   663
           D:8 |       0 |    1442 |   0.0 |       0 |      17 |   0.0 |   736
           D:9 |       0 |    3020 |   0.0 |       0 |      43 |   0.0 |  1189
          D:10 |       0 |    5885 |   0.0 |       0 |      32 |   0.0 |  1054
          D:11 |       0 |    4473 |   0.0 |       0 |      65 |   0.0 |   841
          D:12 |       0 |    4768 |   0.0 |       0 |      20 |   0.0 |   805
          D:13 |       0 |    5450 |   0.0 |       0 |      18 |   0.0 |   287
           Lab |       0 |     566 |   0.0 |       0 |       1 |   0.0 |   557
               +---------+---------+-------+---------+---------+-------+---------
